 Dungeon Crawl Stone Soup version 0.27-a0-1590-g15f69828bf (webtiles) character file.

Game seed: 13613732817205959711

184 MovingMist the Skirmisher (level 5, -4/33 HPs)
             Began as a Gargoyle Fighter on July 18, 2021.
             Splashed by a jelly's acid (7 damage)
             ... on level 4 of the Dungeon.
             The game lasted 00:03:56 (2863 turns).

MovingMist the Skirmisher (Gargoyle Fighter)        Turns: 2863, Time: 00:03:58

Health: -4/33      AC:  1    Str: 20    XL:     5   Next: 64%
Magic:  5/5        EV:  6    Int:  8    God:
Gold:   56         SH:  9    Dex: 10    Spells: 4/4 levels left

rFire    . . .     SeeInvis .   o - +2 rapier (vamp)
rCold    . . .     Faith    .   c - +0 kite shield
rNeg     + . .     Spirit   .   n - +0 chain mail
rPois    ∞         Reflect  .   (no helmet)
rElec    +         Harm     .   (no cloak)
rCorr    .         Rampage  .   (no gloves)
Will     .....                  (no boots)
Stlth    ..........             (no amulet)
HPRegen  0.11/turn              (no ring)
MPRegen  0.09/turn              (no ring)

@: corroded
A: sickness immunity, AC +4, negative energy resistance 1, electricity
resistance, torment resistance 1, petrification resistance
a: no special abilities


You were on level 4 of the Dungeon.
You visited 1 branch of the dungeon, and saw 4 of its levels.

You collected 56 gold pieces.

Inventory:

Hand Weapons
 o - a +2 vampiric rapier (weapon)
Armour
 c - a +0 kite shield (worn)
 n - a +0 chain mail (worn)
Jewellery
 a - an amulet of magic regeneration
Scrolls
 f - a scroll of brand weapon {unknown}
 g - a scroll of amnesia {unknown}
 h - a scroll of fear {unknown}
 k - 3 scrolls of noise {unknown}
 l - 2 scrolls of identify {unknown}
Potions
 b - a potion of cancellation {unknown}
 d - 2 potions of might
 i - a potion of curing {unknown}
 j - a potion of resistance {unknown}
 m - a potion of mutation {unknown}
 p - a potion of brilliance {unknown}
 q - a potion of haste {unknown}


   Skills:
 + Level 4.2 Fighting
 + Level 3.0 Maces & Flails
 + Level 4.1 Armour
 * Level 2.5 Dodging
 - Level 3.2 Shields


You had 4 spell levels left.
You didn't know any spells.
Your spell library contained the following spells:

 Spells                   Type           Power      Damage    Failure   Level
 Gell's Gravitas          Tloc           0%         N/A       100%        3
 Teleport Other           Tloc           0%         N/A       100%        3
 Dispersal                Tloc           0%         N/A       100%        6


Dungeon Overview and Level Annotations

Branches:
Dungeon (4/15)
 Temple: D:4-7

Altars:
Elyvilon
Sif Muna
Uskayaw
The Shining One

Shops:
D:3 (


Innate Abilities, Weirdness & Mutations

You are immune to sickness and miasma.
Your stone body is resilient. (AC +4)
You are immune to poison.
You resist negative energy. (rN+)
You are resistant to electric shocks. (rElec)
You are resistant to unholy torment.
You are immune to petrification.


Message History

There is an open door here.
You open the door.
There is an open door here.
There is an open door here.
Done exploring.
Done exploring.
(D) Dungeon
Where to? (Enter - D:3, ? - help)
What level of the Dungeon? (default 1, ? - help)
There is a shimmering blue altar of Sif Muna here.
There is a stone staircase leading down here.
You climb downwards.
Found a short sword and a scroll labelled XUVEJI LUMUA.
Found a white marble altar of Elyvilon.
There is a stone staircase leading up here.
No target in view!
No target in view!
l - 2 scrolls labelled XUVEJI LUMUA (gained 1)
Found a dented citrine amulet.
A worm comes into view.
A worm is nearby!
A jelly comes into view.
Found a stone staircase leading down.
You see here an amulet of magic regeneration.
a - an amulet of magic regeneration The jelly hits you but does no damage.
You hit the jelly. The acid corrodes you!
Your hands burn!
The jelly is moderately wounded.
You block the jelly's attack. The jelly hits you.
You are splashed with acid!
You hit the jelly.
You feel better. The acid corrodes you!
Your hands burn!
The jelly is heavily wounded.
The jelly hits you. The acid corrodes you!
You are splashed with acid!
* * * LOW HITPOINT WARNING * * *
You hit the jelly.
You feel better.
Your hands burn!
* * * LOW HITPOINT WARNING * * *
The jelly is heavily wounded.
The jelly hits you.
* * * LOW HITPOINT WARNING * * *
You are splashed with acid!
You die...

... ..> .. .. . ######.
.. ....... .....
.......######.....
........@J...##.##
≈..##......###...###
.##......#≈≈...≈≈#
≈§.w......#≈..♣..≈####
§§.#................<###
≈§§.######...♣._.♣.....)#
≈≈. ##.............. ≈.
##≈..♣..≈#....#
#≈≈...≈≈#....#


You could see a worm and a jelly.

Vanquished Creatures
  Natasha (thrice) (D:2)
  4 adders
  3 worms (D:3)
  3 dart slugs
  An orc (D:3)
  7 endoplasms
  3 giant cockroaches
  4 goblins
  9 hobgoblins
  2 jackals (D:2)
  6 kobolds
  4 quokkas
  6 bats
  3 frilled lizards
  3 rats
61 creatures vanquished.

Notes
Turn   | Place    | Note
-------+----------+-------------------------------------------
     0 | D:1      | MovingMist the Gargoyle Fighter began the quest for the
                  | Orb.
     0 | D:1      | Reached XP level 1. HP: 14/14 MP: 1/1
    43 | D:1      | Found a faded altar of an unknown god.
    98 | D:1      | Reached XP level 2. HP: 17/19 MP: 2/2
   165 | D:1      | Reached skill level 1 in Dodging
   486 | D:1      | Reached XP level 3. HP: 23/23 MP: 3/3
   741 | D:2      | Found a hide-covered altar of Uskayaw.
   821 | D:2      | Noticed Natasha
   831 | D:2      | Killed Natasha
   832 | D:2      | Reached XP level 4. HP: 25/29 MP: 4/4
   948 | D:2      | Noticed Natasha
   956 | D:2      | HP: 1/29 [Natasha/magic dart (6)]
   957 | D:2      | Killed Natasha
  1625 | D:2      | Noticed Natasha
  1631 | D:2      | Killed Natasha
  1632 | D:2      | Reached XP level 5. HP: 30/33 MP: 5/5
  2319 | D:3      | Found a glowing golden altar of the Shining One.
  2494 | D:3      | Found Zeofram's Weapon Shop.
  2494 | D:3      | Found a shimmering blue altar of Sif Muna.
  2838 | D:4      | Found a white marble altar of Elyvilon.
  2863 | D:4      | Splashed by a jelly's acid

Illustrated notes

Levels and vault maps discovered:
D:1:      nzn_arrival_crosshair, layout_basic, shapermc_ecumenical_altar_pompeii
D:2:      layout_loops_corners, basic_altar, uniq_natasha
D:3:      layout_basic, mainiacjoe_overflow_six_doors_small,
          overflow_temple_1_default, serial_shops, nicolae_shop_statue_plus,
          due_unseen_surprise
D:4:      layout_basic, grunt_temple_overflow_order_and_chaos_1,
          elyvilon_altar_4, minmay_temple_entry_mist, minmay_mini_ossuary,
          uniq_ijyb

Skill      XL: |  1  2  3  4  5 |
---------------+----------------+-----
Dodging        | 1 2 |  2.5
Fighting       | 4 |  4.2
Armour         | 4 |  4.1
Maces & Flails | 3 |  3.0
Shields        | |  3.2

Action                   |  1- 3 |  4- 6 || total
-------------------------+-------+-------++-------
Melee: Flail             |    10 |       ||    10
       Dagger            |    60 |    92 ||   152
       Rapier            |       |    19 ||    19
Armor: Scale mail        |    32 |    26 ||    58
       Chain mail        |       |    16 ||    16
Dodge: Dodged            |    16 |    29 ||    45
Block: Kite shield       |    28 |    37 ||    65

Table legend: (Time is in decaauts)
 A = Elapsed time spent in this place.
 B = Non-inter-level travel time spent in this place.
 C = Inter-level travel time spent in this place.
 D = Time resting spent in this place.
 E = Time spent auto-exploring this place.
 F = Levels seen in this place.
 G = Mean time per level.
                   A        B        C        D        E       F      G
               +--------+--------+--------+--------+--------+-----+--------+
         Total |   2909 |   2846 |     63 |    300 |   2097 |   4 |  727.2 |
       Dungeon |   2909 |   2846 |     63 |    300 |   2097 |   4 |  727.2 |
               +--------+--------+--------+--------+--------+-----+--------+

Top non-repeatable levels by time:
     D:2: 1353 daAuts
     D:3: 844 daAuts
     D:1: 685 daAuts
     D:4: 25 daAuts
